 Dungeon Crawl Stone Soup version 0.20-b1-2-gc5a9893 (webtiles) character file.

35931 Jawreze the Slinger (level 14, -3/88 HPs)
             Began as a Kobold Hunter on May 20, 2017.
             Was the Champion of Nemelex Xobeh.
             Killed from afar by a crystal guardian (21 damage)
             ... with a crystal bolt
             ... on level 13 of the Dungeon on May 21, 2017.
             The game lasted 02:02:06 (25717 turns).

Jawreze the Slinger (Kobold Hunter)                Turns: 25717, Time: 02:02:07

Health: -3/88      AC: 11    Str:  9    XL:     14   Next: 21%
Magic:  18/18      EV: 23    Int: 16    God:    Nemelex Xobeh [******]
Gold:   1315       SH:  0    Dex: 17    Spells: 12/13 levels left

rFire    + . .     SeeInvis .   C - +3 hunting sling (flame)
rCold    . . .     Gourm    .   (shield restricted)
rNeg     . . .     Faith    .   X - +0 troll leather armour
rPois    .         Spirit   .   g - +2 hat
rElec    .         Reflect  .   P - +2 cloak
rCorr    .         Harm     .   (no gloves)
MR       +....                  J - +1 pair of boots
Stlth    ++........             N - amulet of regeneration
Regen    1.1/turn               r - +4 ring of slaying
MPRegen  0.2/turn               q - ring of protection from fire

@: about to teleport
A: carnivore 3
a: Triple Draw, Deal Four, Stack Five, Renounce Religion


You were on level 13 of the Dungeon.
You worshipped Nemelex Xobeh.
Nemelex Xobeh was exalted by your worship.
You were very full.

You visited 4 branches of the dungeon, and saw 21 of its levels.

You collected 1315 gold pieces.

Inventory:

Hand Weapons
 a - a +1 hand crossbow
 C - a +3 hunting sling of flaming (weapon)
 H - a +0 scimitar of flaming
 L - the +4 Vampire's Tooth {vamp}
   (You found it on level 6 of the Dungeon)

   It inflicts no extra harm, but heals its wielder when it wounds a living foe.
Missiles
 d - 114 bolts
 t - 181 stones (quivered)
 T - 77 sling bullets
Armour
 g - a +2 hat (worn)
 o - a +3 leather armour of cold resistance
 J - a +1 pair of boots (worn)
 P - a +2 cloak (worn)
 X - a +0 troll leather armour (worn)
Jewellery
 q - a ring of protection from fire (right hand)
 r - a +4 ring of slaying (left hand)
 E - an uncursed ring of magical power
 G - an uncursed ring of wizardry
 N - an amulet of regeneration (around neck)
 R - an uncursed ring of protection from cold
Scrolls
 e - 3 scrolls of enchant weapon
 h - 3 scrolls of fear
 i - 2 scrolls of summoning
 p - 9 scrolls of remove curse
 w - 12 scrolls of identify
 y - 6 scrolls of magic mapping
 z - 4 scrolls of recharging
 A - 3 scrolls of enchant armour
 D - 11 scrolls of teleportation
Potions
 b - a potion of berserk rage
 j - a potion of resistance
 k - 7 potions of flight
 m - 2 potions of agility
 v - 4 potions of brilliance
 F - 4 potions of curing
 I - a potion of might
 S - 2 potions of lignification
 U - a potion of ambrosia
Books
 M - a book of Conjurations

   Spells                             Type                      Level
   a - Magic Dart                     Conjuration                  1
   b - Searing Ray                    Conjuration                  2
   c - Dazzling Spray                 Conjuration/Hexes            3
   d - Fulminant Prism                Conjuration/Hexes            4
   e - Force Lance                    Conjuration/Translocation    4
   f - Iskenderun's Mystic Blast      Conjuration                  4
 V - a book of Beasts

   Spells                             Type                      Level
   a - Summon Butterflies             Summoning                    1
   b - Call Canine Familiar           Summoning                    3
   c - Summon Ice Beast               Ice/Summoning                4
   d - Summon Mana Viper              Hexes/Summoning              5
   e - Summon Hydra                   Summoning                    7
 W - a book of Necromancy

   Spells                             Type                      Level
   a - Pain                           Necromancy                   1
   b - Animate Skeleton               Necromancy                   1
   c - Vampiric Draining              Necromancy                   3
   d - Regeneration                   Charms/Necromancy            3
   e - Animate Dead                   Necromancy                   4
   f - Control Undead                 Necromancy                   4
Miscellaneous
 c - an ornate deck of destruction {drawn: 2}
 l - an ornate deck of destruction
 s - an ornate deck of escape
 u - a plain deck of destruction
 x - an ornate deck of summoning
 B - an ornate deck of escape
 K - a plain deck of summoning {drawn: 1}
 O - a plain deck of summoning
 Q - a plain deck of destruction {drawn: 8}
 Y - a plain deck of summoning
 Z - an ornate deck of escape
Comestibles
 f - 12 meat rations
 n - 8 royal jellies


   Skills:
 + Level 10.9 Fighting
 - Level 10.4 Short Blades
 - Level 12.3 Slings
 - Level 12.1 Crossbows
 + Level 11.7 Dodging
 - Level 1.3 Stealth
 + Level 3.9 Necromancy
 + Level 6.5 Invocations


You had 12 spell levels left.
You knew the following spells:

 Your Spells              Type           Power        Failure   Level  Hunger
a - Animate Skeleton      Necr           N/A          7%          1    ##.....


Dungeon Overview and Level Annotations

Branches:
Dungeon (13/15)            Temple (1/1) D:7            Lair (5/6) D:8
 Shoals (0/4) Lair:4       Spider (0/4) Lair:3          Orc (2/2) D:10
 Vaults (0/5) D:13
  Slime: Lair:5-6       Elf: Orc:2

Altars:
Dithmenos
Elyvilon
Gozag
Hepliaklqana
Kikubaaqudgha
Makhleb
Nemelex Xobeh
Okawaru
Sif Muna
Uskayaw
Vehumet
Xom
Yredelemnul
Zin
Beogh

Annotations:
D:13 exclusion: orange crystal statue
Lair:3 Rupert, Urug
Lair:4 Snorg


Innate Abilities, Weirdness & Mutations

You are small and have problems with some larger weapons.
You are carnivorous and can eat meat at any time.


Message History

Aim: a crystal guardian (lightly damaged) Really fire in your ally Jawreze's illusion's direction?
You shoot a stone. The stone hits the crystal guardian.
The crystal guardian is lightly damaged.
The crystal guardian closely misses Jawreze's illusion.
The crystal guardian fires a crystalline bolt at you.
The crystal bolt freezes you!
Ouch! That really hurt!
* * * LOW HITPOINT WARNING * * *
As you read the scroll of teleportation, it crumbles to dust.
You feel strangely unstable.
Jawreze's illusion hits the crystal guardian.
The crystal guardian fires a crystalline bolt at you.
The crystal bolt burns Jawreze's illusion.
Jawreze's illusion resists.
The crystal bolt burns the crystal guardian.
The crystal guardian completely resists.
The crystal bolt burns you! You resist.
You die...
Your body disappears without a glow.

#.# #.# #.# ###
#.# ...
#######.##
..##..<........
#≈≈≈ ≈≈≈≈≈≈≈≈≈}
##########≈#
#########≈
.......@8@≈#
."$.. #≈
##########8#
.$?..! #≈
#≈##$..... #≈
#≈##[).... #≈
#≈8'....8. #≈
#≈##[..).. #≈
#≈##.$..l= #≈
#≈# .|.).. #≈
#≈# .(.=. #≈


You could see 2 crystal guardians and the friendly Jawreze's illusion.

Vanquished Creatures
  Gastronok (Lair:3)
  A hydra (Lair:3)
  The ghost of George the Carver, a journeyman DsFi of Makhleb (D:11)
  Erica (D:11)
  4 two-headed ogres
  A wizard (D:13)
  Pikel (D:6)
  A manticore (D:12)
  3 ugly things
  2 black mambas
  Psyche (D:11)
  7 spiny frogs
  A kobold demonologist (D:10)
  A komodo dragon (Lair:2)
  6 trolls
  Grinder (D:5)
  A polar bear (Lair:4)
  8 blink frogs
  8 hippogriffs
  A spriggan (D:8)
  2 shadows
  A wraith (D:10)
  21 yaks
  2 wyverns
  Grum (D:11)
  Menkaure (D:5)
  A warg (D:10)
  A soldier ant (D:8)
  5 water moccasins
  4 porcupines
  3 ice beasts
  5 orc warriors
  A slave (D:6)
  2 sky beasts (D:7)
  A phantom (D:6)
  10 ogres
  2 necrophages
  3 black bears
  2 wolves (D:11)
  6 crocodiles
  6 centaurs
  15 big kobolds
  24 bullfrogs
  A gnoll sergeant (D:9)
  2 scorpions
  13 killer bees
  6 howler monkeys
  2 electric eels
  2 vampire bats (D:6)
  2 centaur zombies
  4 crimson imps
  6 hounds
  3 quasits
  2 jellies
  24 orc wizards
  18 orc priests
  7 bullfrog skeletons
  2 centaur skeletons
  4 iguanas
  13 worker ants
  A hound zombie (D:11)
  2 hound skeletons
  2 worker ant zombies (D:11)
  Robin (D:2)
  3 gnolls (D:9)
  19 adders
  An ooze (D:3)
  2 adder zombies
  6 worms
  3 dart slugs
  9 leopard geckos
  74 orcs
  9 giant cockroaches
  18 goblins
  8 hobgoblins
  7 jackals
  3 quokkas
  3 ball pythons
  16 bats
  A frilled lizard (D:3)
  A jackal zombie (D:6)
  24 kobolds
  A quokka skeleton (D:7)
  14 rats
509 creatures vanquished.

Vanquished Creatures (collateral kills)
  3 hydras
  A catoblepas (Lair:4)
  Nergalle (Lair:4)
  An unseen horror (D:12)
  An ugly thing (D:10)
  A spiny frog (Lair:5)
  A troll (D:12)
  A polar bear (Lair:2)
  8 yaks
18 creatures vanquished.

Vanquished Creatures (others)
  A slave (D:6)
  5 fungi
  A plant (Lair:4)
7 creatures vanquished.

Grand Total: 534 creatures vanquished

Notes
Turn   | Place    | Note
-------+----------+-------------------------------------------
     0 | D:1      | Jawreze the Kobold Hunter began the quest for the Orb.
     0 | D:1      | Reached XP level 1. HP: 12/12 MP: 1/1
   174 | D:1      | Reached skill level 5 in Crossbows
   265 | D:1      | Reached XP level 2. HP: 17/17 MP: 2/2
   792 | D:2      | Reached XP level 3. HP: 21/21 MP: 3/3
   861 | D:2      | Noticed Robin
   920 | D:2      | Killed Robin
   940 | D:2      | Reached XP level 4. HP: 20/26 MP: 4/4
  1572 | D:3      | Reached XP level 5. HP: 30/30 MP: 5/5
  1573 | D:3      | Upgraded the game from 0.21-a0-1-gaf3b9a5 to 0.20-b1-2-gc5a9893
  2248 | D:3      | Reached XP level 6. HP: 35/35 MP: 6/6
  4005 | D:4      | Reached XP level 7. HP: 14/40 MP: 7/7
  4334 | D:4      | Found a roughly hewn altar of Beogh.
  5280 | D:5      | Entered Level 5 of the Dungeon
  5331 | D:4      | Reached skill level 10 in Crossbows
  5553 | D:5      | Noticed Grinder
  6167 | D:5      | Reached skill level 1 in Slings
  6250 | D:5      | Found an iron altar of Okawaru.
  6424 | D:5      | Noticed Menkaure
  6668 | D:6      | Reached XP level 8. HP: 39/44 MP: 8/8
  8435 | D:5      | Killed Grinder
  8569 | D:5      | Reached XP level 9. HP: 48/48 MP: 9/9
  8612 | D:5      | Reached skill level 5 in Slings
  8671 | D:5      | Killed Menkaure
  9253 | D:6      | Found a glowing silver altar of Zin.
  9454 | D:6      | Noticed Pikel
  9470 | D:6      | Killed Pikel
  9879 | D:7      | Noticed a hippogriff
  9902 | D:7      | Killed a hippogriff
 10138 | D:7      | Reached XP level 10. HP: 53/53 MP: 10/10
 10182 | D:7      | Found a burning altar of Makhleb.
 10182 | D:7      | Found an ornate altar of the Wu Jian Council.
 10182 | D:7      | Found a shadowy altar of Dithmenos.
 10240 | D:7      | Found a faded altar of an unknown god.
 10347 | D:7      | Found a staircase to the Ecumenical Temple.
 10377 | Temple   | Entered the Ecumenical Temple
 10419 | Temple   | Became a worshipper of Nemelex Xobeh the Trickster
 10925 | D:7      | Reached skill level 10 in Slings
 11995 | D:8      | Found a staircase to the Lair.
 12027 | D:8      | Received a gift from Nemelex Xobeh
 12626 | D:8      | Reached * piety under Nemelex Xobeh
 13332 | D:8      | Noticed a two-headed ogre
 13350 | D:8      | Killed a two-headed ogre
 13350 | D:8      | Reached XP level 11. HP: 21/61 MP: 11/11
 13761 | D:9      | Reached skill level 1 in Short Blades
 13852 | D:9      | Found a basalt altar of Yredelemnul.
 13853 | D:9      | Noticed a cyan ugly thing
 13930 | Lair:1   | Entered Level 1 of the Lair of Beasts
 14036 | Lair:1   | Reached skill level 5 in Dodging
 14234 | Lair:1   | Reached ** piety under Nemelex Xobeh
 14257 | Lair:1   | Reached skill level 5 in Fighting
 15245 | Lair:1   | Reached skill level 5 in Short Blades
 15695 | Lair:2   | Received a gift from Nemelex Xobeh
 15897 | Lair:2   | Reached XP level 12. HP: 18/71 MP: 12/12
 16148 | Lair:2   | Reached *** piety under Nemelex Xobeh
 16508 | Lair:2   | Received a gift from Nemelex Xobeh
 17111 | Lair:3   | Noticed Rupert
 17143 | Lair:3   | Noticed Urug
 17154 | Lair:3   | Found a hole to the Spider Nest.
 17233 | Lair:3   | Received a gift from Nemelex Xobeh
 17247 | Lair:3   | Noticed a seven-headed hydra
 17264 | Lair:3   | Killed a seven-headed hydra
 17358 | Lair:3   | Noticed Gastronok
 17544 | Lair:3   | Killed Gastronok
 17707 | Lair:3   | You fall through a shaft!
 17710 | Lair:4   | Noticed Snorg
 17747 | Lair:3   | Received a gift from Nemelex Xobeh
 17886 | Lair:3   | Reached **** piety under Nemelex Xobeh
 18226 | Lair:4   | Noticed an eight-headed hydra
 18514 | Lair:4   | Noticed Nergalle
 18526 | Lair:4   | Found a staircase to the Shoals.
 18544 | Lair:4   | Killed Nergalle
 18544 | Lair:4   | Reached skill level 1 in Invocations
 18696 | Lair:4   | Received a gift from Nemelex Xobeh
 18764 | Lair:4   | Killed an eight-headed hydra
 19025 | Lair:4   | Noticed a catoblepas
 19051 | Lair:4   | Killed a catoblepas
 19051 | Lair:4   | Reached XP level 13. HP: 20/80 MP: 14/14
 19540 | Lair:5   | Received a gift from Nemelex Xobeh
 19654 | Lair:5   | Noticed a six-headed hydra
 19670 | Lair:5   | Killed a six-headed hydra
 19854 | Lair:5   | Reached ***** piety under Nemelex Xobeh
 19898 | Lair:5   | Received a gift from Nemelex Xobeh
 19949 | Lair:5   | Noticed a five-headed hydra
 19961 | Lair:5   | Killed a five-headed hydra
 19964 | Lair:5   | Reached skill level 10 in Dodging
 20401 | Lair:5   | Received a gift from Nemelex Xobeh
 21117 | D:9      | Received a gift from Nemelex Xobeh
 21271 | D:9      | Reached skill level 10 in Short Blades
 21317 | D:10     | Entered Level 10 of the Dungeon
 21676 | D:10     | Received a gift from Nemelex Xobeh
 22287 | D:10     | Found a staircase to the Orcish Mines.
 22301 | D:10     | Found a roughly hewn altar of Beogh.
 22468 | D:10     | Learned a level 1 spell: Animate Skeleton
 22542 | Orc:1    | Entered Level 1 of the Orcish Mines
 22603 | Orc:2    | Entered Level 2 of the Orcish Mines
 22603 | Orc:2    | Noticed an orc warlord
 22843 | D:11     | Noticed George's ghost (journeyman DsFi)
 23205 | D:10     | Reached skill level 10 in Fighting
 23231 | D:11     | Received a gift from Nemelex Xobeh
 23243 | D:11     | Reached skill level 1 in Necromancy
 23243 | D:11     | Reached skill level 5 in Invocations
 23244 | D:11     | Noticed Psyche
 23250 | D:11     | Killed Psyche
 23330 | D:11     | Noticed Grum
 23338 | D:11     | Killed Grum
 23342 | D:11     | Noticed Erica
 23352 | D:11     | Killed Erica
 23743 | D:11     | Killed George's ghost
 23768 | D:11     | Received a gift from Nemelex Xobeh
 23815 | D:11     | Found a radiant altar of Vehumet.
 24527 | D:12     | Reached XP level 14. HP: 88/88 MP: 18/18
 24767 | D:12     | Received a gift from Nemelex Xobeh
 24969 | D:12     | Received a gift from Nemelex Xobeh
 25220 | D:12     | Reached ****** piety under Nemelex Xobeh
 25470 | D:13     | Found a gate to the Vaults.
 25671 | D:13     | Received a gift from Nemelex Xobeh
 25702 | D:13     | Found a runed door.
 25717 | D:13     | Killed from afar by a crystal guardian

Skill      XL: |  1  2  3  4  5  6  7  8  9 10 11 12 13 14 |
---------------+-------------------------------------------+-----
Crossbows      | 5 6 7 8 9 10 11 12 | 12.1
Slings         | 2 4 8 11 12 | 12.3
Dodging        | 4 6 9 11 | 11.7
Fighting       | 4 6 8 10 | 10.9
Short Blades   | 5 9 10 | 10.4
Invocations    | 2 5 6 |  6.5
Necromancy     | 2 3 |  3.9
Stealth        | |  1.3

Action                   |  1- 3 |  4- 6 |  7- 9 | 10-12 | 13-15 || total
-------------------------+-------+-------+-------+-------+-------++-------
Melee: Short sword       |    35 |    77 |       |       |       ||   112
       Dagger            |       |       |     6 |   285 |    10 ||   301
       Hunting sling     |       |       |     1 |       |     1 ||     2
       Long sword        |       |       |       |     8 |       ||     8
       Scimitar          |       |       |       |       |     3 ||     3
 Fire: Hand crossbow     |    51 |    72 |     5 |     4 |       ||   132
       Hunting sling     |       |    79 |   362 |   743 |   794 ||  1978
Throw: Stone             |       |     1 |       |       |       ||     1
Evoke: Deck              |       |       |       |    10 |    18 ||    28
  Use: Scroll            |       |     5 |       |    18 |     7 ||    30
       Potion            |       |       |     2 |     6 |       ||     8
 Stab: Sleeping          |       |     1 |       |     1 |       ||     2
       Petrifying        |       |       |       |     2 |       ||     2
       Distracted        |       |       |       |     1 |     1 ||     2
  Eat: Chunk             |     8 |    10 |    18 |    36 |    23 ||    95
Armor: Leather armour    |    20 |    51 |    74 |    95 |    14 ||   254
       Troll leather arm |       |       |       |       |    21 ||    21
       Quicksilver drago |       |       |       |       |     7 ||     7
Dodge: Dodged            |    28 |    77 |   137 |   381 |   177 ||   800
       Rpst.: Long sword |       |       |       |     4 |       ||     4
